Map: Terraform LE (Void)

Players

London

  • Race: Protoss Protoss

SticklerMac - Winner!

  • Race: Zerg Zerg
  • League: Grandmaster

VOD

Have the link to the VOD?

Description

Time

  • Played on: July 18, 2015, 10:09 p.m.
  • Length: 6:54
Show
View Real Time Build Order
Export as new Build Order

London Protoss 

Build Orders:  

Get SALT Encoding   

  12  0:06  Probe  
  13  0:16  Pylon  
  13  0:19  Probe  
  14  0:35  Probe (Chrono Boost)  
  15  0:45  Probe (Chrono Boost)  
  16  0:52  Probe  
  17  1:00  Gateway  
  17  1:04  Probe  
  18  1:16  Probe (Chrono Boost)  
  18  1:17  Forge  
  19  1:26  Assimilator  
  19  1:27  Probe (Chrono Boost)  
  20  1:34  Probe (Chrono Boost)  
  21  1:45  Probe (Chrono Boost)  
  22  1:53  Photon Cannon  
  22  2:12  Pylon  
  22  2:16  Pylon  
  22  2:20  Photon Cannon  
  22  2:24  Pylon  
  22  2:30  Probe (Chrono Boost)  
  23  2:38  Nexus  
  23  2:43  Probe (Chrono Boost)  
  24  2:50  Probe (Chrono Boost)  
  25  2:52  Cybernetics Core  
  25  3:00  Probe (Chrono Boost)  
  25  3:02  Photon Cannon  
  26  3:09  Probe (Chrono Boost)  
  27  3:17  Probe (Chrono Boost)  
  28  3:23  Pylon  
  28  3:26  Probe (Chrono Boost)  
  29  3:27  Pylon  
  29  3:34  Probe  
  30  3:46  Probe (Chrono Boost)  
  31  3:53  Assimilator  
  31  3:56  Photon Cannon  
  31  3:58  Probe (Chrono Boost)  
  31  3:59  Photon Cannon  
  33  4:04  Probe (Chrono Boost)  
  33  4:07  Mothership Core (Chrono Boost)  
  33  4:09  Assimilator  
  35  4:12  Probe (Chrono Boost), Pylon  
  36  4:22  Pylon  
  37  4:24  Probe (Chrono Boost)  
  37  4:29  Probe (Chrono Boost)  
  39  4:31  Photon Cannon  
  39  4:33  Probe (Chrono Boost)  
  39  4:36  Probe (Chrono Boost)  
  42  4:46  Probe x2 (Chrono Boost)  
  42  4:47  Pylon  
  42  4:49  Pylon  
  42  4:53  Probe x2  
  42  4:57  Assimilator  
  44  5:06  Probe (Chrono Boost)  
  46  5:07  Probe (Chrono Boost)  
  46  5:16  Probe x2 (Chrono Boost)  
  48  5:23  Probe (Chrono Boost)  
  48  5:27  Probe (Chrono Boost)  
  50  5:29  Robotics Facility  
  50  5:34  Probe (Chrono Boost)  
  51  5:40  Probe (Chrono Boost)  
  52  5:52  Probe, Stargate  
  52  5:53  Stargate  
  52  5:55  Stargate  
  53  5:57  Stargate  
  53  6:00  Pylon  
  53  6:01  Pylon  
Show
View Real Time Build Order
Export as new Build Order

SticklerMac Zerg - Winner!

Build Orders: 3 Hatch before Pool 

Get SALT Encoding   

  12  0:01  Drone  
  13  0:09  Drone  
  14  0:17  Overlord  
  14  0:42  Hatchery  
  14  0:46  Drone  
  14  0:52  Drone  
  14  0:54  Drone  
  16  1:21  Drone  
  16  1:24  Hatchery  
  16  1:35  Spawning Pool  
  15  1:40  Drone  
  15  1:43  Drone  
  15  1:46  Drone  
  19  1:54  Drone  
  19  1:55  Drone  
  20  2:01  Drone  
  20  2:05  Drone  
  22  2:09  Extractor  
  22  2:12  Drone  
  22  2:22  Drone  
  23  2:24  Queen  
  23  2:26  Queen  
  27  2:32  Overlord  
  27  2:38  Overlord  
  27  2:42  Drone  
  28  2:48  Queen  
  30  2:52  Drone  
  30  2:55  Drone  
  30  2:57  Drone  
  33  3:00  Drone  
  35  3:12  Drone  
  35  3:13  Drone x4  
  35  3:16  Metabolic Boost  
  35  3:18  Drone  
  40  3:21  Drone  
  40  3:25  Drone  
  42  3:32  Drone x4  
  46  3:38  Drone x2  
  46  3:39  Drone  
  46  3:40  Overlord  
  49  3:43  Overlord  
  49  3:47  Overlord  
  49  3:51  Overlord  
  49  3:58  Zergling x2  
  49  3:59  Zergling x10  
  55  4:07  Evolution Chamber x2  
  55  4:08  Drone x2  
  55  4:10  Drone  
  55  4:11  Drone x2  
  59  4:17  Drone x2  
  59  4:18  Zergling x2  
  59  4:19  Zergling x6  
  64  4:24  Zergling x2  
  64  4:25  Zergling x6  
  64  4:28  Zergling x2  
  64  4:29  Zergling x4  
  72  4:31  Zergling x4  
  72  4:33  Zergling x2  
  72  4:35  Zergling x2  
  75  4:40  Zerg Melee Weapons Level 1  
  75  4:43  Zerg Ground Armor Level 1  
  75  4:44  Drone  
  75  4:45  Zergling x6  
  78  4:46  Zergling x2  
  78  4:48  Overlord  
  78  4:51  Overlord  
  80  4:53  Overlord  
  80  4:56  Overlord  
  80  4:57  Overlord  
  80  5:11  Drone x2  
  80  5:13  Zergling x2  
  85  5:14  Zergling x22  
  94  5:23  Zergling x2  
  94  5:24  Zergling x6  
  94  5:27  Zergling x4  
  100  5:36  Zergling x8  
  100  5:37  Zergling x4  
  106  5:44  Zergling x6  
  106  5:45  Zergling x10  
  106  5:48  Overlord  
  114  5:50  Overlord  
  114  5:56  Zergling x4  
  113  6:00  Zergling x2  
  105  6:15  Zergling x6  
  105  6:16  Zergling x26  
  113  6:23  Zergling x2  
  109  6:28  Drone x2  
  108  6:33  Zergling x2  
Tags
 
Add a new tag
Caveats
  • Supply blocks, unpowered buildings, or Contaminate may cause inaccurate times.
  • Supply counts are checked every 10 seconds.